 Dungeon Crawl Stone Soup version 0.25.1-2-g60ff931df9 (console) character file.

Game seed: 14598600181985830093

43 Colgate the Skirmisher (level 3, 0/32 HPs)
             Began as a Formicid Abyssal Knight on Aug 20, 2020.
             Was a Believer of Lugonu.
             Succumbed to an adder's poison
             ... on level 2 of the Dungeon.
             The game lasted 00:14:03 (1188 turns).

Colgate the Skirmisher (Formicid Abyssal Knight)    Turns: 1188, Time: 00:14:03

Health: 0/32       AC:  3    Str: 16    XL:     3   Next: 82%
Magic:  4/4        EV: 11    Int: 11    God:    Lugonu [**....]
Gold:   72         SH:  0    Dex: 11    Spells: 2/2 levels left

rFire    . . .     SeeInvis +   g - +2 hand axe (freeze)
rCold    . . .     Gourm    .   (no shield)
rNeg     . . .     Faith    .   b - +0 leather armour
rPois    .         Spirit   .   (helmet unavailable)
rElec    .         Reflect  .   (no cloak)
rCorr    .         Harm     .   (no gloves)
MR       .....                  (no boots)
Stlth    +.........             (no amulet)
HPRegen  0.10/turn              (no ring)
MPRegen  0.09/turn              (no ring)

@: lethally poisoned (0 -> -6)
A: permanent stasis, dig shafts and tunnels, four strong arms, antennae 3
a: Dig, Shaft Self, Depart the Abyss, Bend Space, Renounce Religion


You were on level 2 of the Dungeon.
You worshipped Lugonu.
Lugonu was pleased with you.
You were not hungry.

You visited 1 branch of the dungeon, and saw 2 of its levels.
You visited the Abyss 1 time.

You collected 72 gold pieces.

Inventory:

Hand Weapons
 a - a +1 spear
 g - a +2 hand axe of freezing (weapon)
Missiles
 d - 35 bolts
 j - 36 stones (quivered)
Armour
 b - a +0 leather armour (worn)
 i - a +0 robe
Scrolls
 e - 2 scrolls of magic mapping {unknown}
 f - 2 scrolls of identify {unknown}
 l - 3 scrolls of teleportation {unknown}
 m - a scroll of blinking {unknown}
Potions
 h - a potion of curing {unknown}
 k - a potion of might {unknown}
Comestibles
 c - a ration
 n - 8 chunks of flesh


   Skills:
 + Level 4.9 Fighting
 - Level 2.0 Polearms
 - Level 2.1 Armour
 - Level 0.8 Dodging
 - Level 2.1 Invocations


You had 2 spell levels left.
You didn't know any spells.
Your spell library was empty.

Dungeon Overview and Level Annotations

Branches:
Dungeon (2/15)

Altars:


Innate Abilities, Weirdness & Mutations

You cannot be hasted, slowed, berserked, paralysed or teleported.
You can dig through walls and to a lower floor.
Your four strong arms can wield two-handed weapons with a shield.
You have a pair of large antennae on your head. (SInv)


Message History

You see here a mace.
The adder bites you.
* * * LOW HITPOINT WARNING * * *
The adder barely misses you.
You feel sick. The adder barely misses you. x2
You feel sick. The adder bites you.
* * * LOW HITPOINT WARNING * * *
You are lethally poisoned!
The adder poisons you!
* * * LOW HITPOINT WARNING * * *
You feel sick.
A kobold comes into view. It is wielding a +0 dagger.
* * * LOW HITPOINT WARNING * * *
You feel sick.
The kobold shouts!
You hear a shout!
The adder closely misses you.
* * * LOW HITPOINT WARNING * * *
You feel sick.
You die...

....... ......... { ........ #
.? ........ ## ... #....... #.
.... #..# ..## #########. ....##
####.### {.# #.........
.....##......# #.####....)....
............<.####.##...........
....##.........@.SS...#####..##.
....(.g......<####.###......####
......(............# .#....# #
.....###........##.###+###..# #
..!. #......#.#..#≈≈.≈≈#..####
((. #.>.#.###......# #$≈#......
(g #.#.#.. ###....+ #('...... .
# #....# ..#.# (≈#...... #####.
.#.# #...... .# .#. #+###...)..
#..##.#........


You could see 2 adders.

Vanquished Creatures
  2 adders
  A leopard gecko (D:1)
  A ball python (D:2)
  5 bats
  2 giant cockroaches (D:1)
  5 goblins
  A hobgoblin (D:1)
  A kobold (D:1)
  3 rats (D:1)
21 creatures vanquished.

Notes
Turn   | Place    | Note
-------+----------+-------------------------------------------
     0 | Abyss:1  | Colgate the Formicid Abyssal Knight began the quest for the
                  | Orb.
     0 | Abyss:1  | Reached XP level 1. HP: 18/18 MP: 2/2
    29 | D:1      | Escaped the Abyss
   335 | D:1      | Reached XP level 2. HP: 25/25 MP: 3/3
   410 | D:1      | Reached skill level 4 in Fighting
   991 | D:1      | Reached XP level 3. HP: 28/31 MP: 4/4
  1075 | D:2      | Reached ** piety under Lugonu
  1185 | D:2      | HP: 1/32 [poisoned by an adder]
  1188 | D:2      | Succumbed to an adder's poison

Illustrated notes

Levels and vault maps discovered:
D:1:      dpeg_arrival_rooms_b, layout_loops_cross, minivault_25
D:2:      cheibrodos_old_hovel, layout_rooms, kennysheep_generic_room_13

Skill      XL: |  1  2 |
---------------+-------+-----
Fighting       | 4 |  4.9
Polearms       | |  2.0
Armour         | |  2.1
Dodging        | |  0.8
Invocations    | |  2.1

Action                   || total
-------------------------++-------
Melee: Spear             ||    35
       Hand axe          ||    33
Throw: Stone             ||    38
 Abil: Dig               ||     2
  Eat: Chunk             ||     1
Armor: Leather armour    ||    31
Dodge: Dodged            ||    58
